 Dungeon Crawl Stone Soup version 0.20.1-2-g1830e616b0 (webtiles) character file.

144845 sqayer666 the Destroyer (level 16, -14/104 HPs)
             Began as a Demonspawn Venom Mage on Apr 21, 2022.
             Was a High Priest of Vehumet.
             Killed from afar by a ghostly deep elf death mage (35 damage)
             ... with a bolt of negative energy
             ... led by an ironheart preserver
             ... on level 1 of the Vaults on Apr 29, 2022.
             The game lasted 07:37:28 (33523 turns).

sqayer666 the Destroyer (Demonspawn Venom Mage)    Turns: 33523, Time: 07:37:29

Health: -14/104    AC: 18    Str: 22    XL:     16   Next: 56%
Magic:  4/40       EV: 14    Int: 27    God:    Vehumet [*****.]
Gold:   1313       SH:  0    Dex: 14    Spells: 4/37 levels left

rFire    + + .     SeeInvis .   a - +0 mace of Resourcefulness {drain, Str+4 Int+6}
rCold    + . .     Gourm    .   (no shield)
rNeg     . . .     Faith    .   x - +1 troll leather armour {Purgy}
rPois    .         Spirit   .   y - +2 hat {MR+}
rElec    .         Reflect  .   G - +2 cloak {MR+}
rCorr    .         Harm     .   I - +2 pair of gloves
MR       ++++.     NoTele   +   (boots unavailable)
Stlth    +.........             s - amulet of regeneration
Regen    1.1/turn               u - ring of protection from cold
MPRegen  0.3/turn               h - ring of Cyjat {Wiz -Tele rF+ MP+9}

@: mighty, marked, drained
A: horns 1, talons 3, molten scales 3, demonic guardian 2, magic resistance 1,
powered by pain 1, strong 1
}: 1/15 runes: decaying
a: Renounce Religion


You were on level 1 of the Vaults.
You worshipped Vehumet.
Vehumet was extremely pleased with you.
You were hungry.

You visited 8 branches of the dungeon, and saw 31 of its levels.
You also visited: Labyrinth.

You collected 2778 gold pieces.
You spent 1465 gold pieces at shops.

Inventory:

Hand Weapons
 a - the +0 mace of Resourcefulness (weapon) {drain, Str+4 Int+6}
   (You took it off an orc on level 7 of the Dungeon)

   A truly terrible weapon, it drains the life of those it strikes.
   It affects your strength (+4).
   It affects your intelligence (+6).
 z - the +1 whip of Superiority {drain, rPois}
   (You found it on level 1 of the Vaults)

   A truly terrible weapon, it drains the life of those it strikes.
   It protects you from poison.
 N - the +10 flail of the Coward {freeze, rN+}
   (You bought it in a shop on level 1 of the Vaults)

   It has been specially enchanted to freeze those struck by it, causing extra
   injury to most foes and up to half again as much damage against particularly
   susceptible opponents.
   It can also slow down cold-blooded creatures.
   It protects you from negative energy.
 Y - the +4 Vampire's Tooth {vamp}
   (You found it on level 10 of the Dungeon)

   It inflicts no extra harm, but heals its wielder when it wounds a living foe.
Armour
 x - a +1 troll leather armour (worn) {Purgy}
 y - a +2 hat of magic resistance (worn)
 G - a +2 cloak of magic resistance (worn)
 I - a +2 pair of gloves (worn)
 O - the +1 leather armour "Teroheym" {rElec rC- MR++ rCorr}
   (You took it off an orc on level 12 of the Dungeon)

   It makes you vulnerable to cold.
   It insulates you from electricity.
   It affects your resistance to hostile enchantments.
   It protects you from acid and corrosion.
Jewellery
 g - an uncursed ring of resist corrosion
 h - the ring of Cyjat (right hand) {Wiz -Tele rF+ MP+9}
   (You found it on level 6 of the Lair of Beasts)

   [ring of wizardry]

   It improves your spell success rate.
   It protects you from fire.
   It affects your magic capacity (+9).
   It prevents most forms of teleportation.
 n - an uncursed ring of ice
 s - an amulet of regeneration (around neck)
 u - a ring of protection from cold (left hand)
 v - an uncursed ring of protection from fire
 E - an uncursed ring of protection from magic
Wands
 m - a wand of paralysis (8/24)
 o - a wand of clouds (9/9)
 q - a wand of paralysis (8/24)
 w - a wand of acid (8/15)
 K - a wand of disintegration (15/24)
 P - a wand of iceblast (6/15)
 S - a wand of lightning (5/15)
 Z - a wand of polymorph (12/24)
Scrolls
 j - 10 scrolls of teleportation
 k - 12 scrolls of remove curse
 l - 5 scrolls of fog
 p - 2 scrolls of immolation
Potions
 d - 3 potions of brilliance
 r - a potion of degeneration {unknown}
 A - 4 potions of might
 B - 9 potions of curing
 C - a potion of ambrosia
 D - 4 potions of mutation
 J - 3 potions of magic
 L - a potion of lignification
 M - a potion of resistance {unknown}
 R - 2 potions of invisibility
 T - 3 potions of flight
Books
 b - a Young Poisoner's Handbook

   Spells                             Type                      Level
   a - Sting                          Conjuration/Poison           1
   b - Poisonous Vapours              Poison/Air                   2
   c - Mephitic Cloud                 Conjuration/Poison/Air       3
   d - Olgreb's Toxic Radiance        Poison                       4
   e - Venom Bolt                     Conjuration/Poison           5
 e - a book of Conjurations

   Spells                             Type                      Level
   a - Magic Dart                     Conjuration                  1
   b - Searing Ray                    Conjuration                  2
   c - Dazzling Spray                 Conjuration/Hexes            3
   d - Fulminant Prism                Conjuration/Hexes            4
   e - Force Lance                    Conjuration/Translocation    4
   f - Iskenderun's Mystic Blast      Conjuration                  4
 t - the Guide on Feathery Fire
   (You found it on level 6 of the Lair of Beasts)

   Spells                             Type                      Level
   a - Inner Flame                    Hexes/Fire                   3
   b - Summon Lightning Spire         Summoning/Air                4
   c - Silence                        Hexes/Air                    5
   d - Deflect Missiles               Charms/Air                   6
   e - Bolt of Fire                   Conjuration/Fire             6
   f - Tornado                        Air                          9
 F - a book of Enchantments

   Spells                             Type                      Level
   a - Cause Fear                     Hexes                        4
   b - Yara's Violent Unravelling     Hexes/Transmutation          5
   c - Silence                        Hexes/Air                    5
   d - Deflect Missiles               Charms/Air                   6
   e - Discord                        Hexes                        8
 U - a book of Power

   Spells                             Type                      Level
   a - Iskenderun's Battlesphere      Conjuration/Charms           5
   b - Venom Bolt                     Conjuration/Poison           5
   c - Bolt of Magma                  Conjuration/Fire/Earth       5
   d - Iron Shot                      Conjuration/Earth            6
   e - Orb of Destruction             Conjuration                  7
   f - Spellforged Servitor           Conjuration/Summoning        7
 V - a book of Alchemy

   Spells                             Type                      Level
   a - Sublimation of Blood           Necromancy                   2
   b - Ignite Poison                  Fire/Transmutation/Poison    3
   c - Petrify                        Transmutation/Earth          4
   d - Alistair's Intoxication        Transmutation/Poison         5
   e - Irradiate                      Conjuration/Transmutation    5
 W - a book of Flames

   Spells                             Type                      Level
   a - Flame Tongue                   Conjuration/Fire             1
   b - Throw Flame                    Conjuration/Fire             2
   c - Conjure Flame                  Conjuration/Fire             3
   d - Inner Flame                    Hexes/Fire                   3
   e - Sticky Flame                   Conjuration/Fire             4
   f - Fireball                       Conjuration/Fire             5
 X - a book of Clouds

   Spells                             Type                      Level
   a - Poisonous Vapours              Poison/Air                   2
   b - Mephitic Cloud                 Conjuration/Poison/Air       3
   c - Conjure Flame                  Conjuration/Fire             3
   d - Freezing Cloud                 Conjuration/Ice/Air          6
   e - Ring of Flames                 Charms/Fire                  7
Comestibles
 c - 4 bread rations
 f - 7 fruits
 i - 9 royal jellies
 H - 7 chunks of flesh
 Q - 9 meat rations


   Skills:
 - Level 3.0(2.3) Fighting
 - Level 7.9(7.6) Maces & Flails
   Level 4.0(5.7) Staves
 - Level 5.6(4.9) Armour
 - Level 5.9(5.2) Dodging
 - Level 1.7(1.1) Stealth
 - Level 11.4(10.6) Spellcasting
 - Level 13.1(12.3) Conjurations
 - Level 7.8(7.1) Fire Magic
 + Level 13.0(12.2) Ice Magic
 - Level 4.7(4.0) Air Magic
 - Level 8.0(7.2) Earth Magic
 - Level 8.4(7.7) Poison Magic


You had 4 spell levels left.
You knew the following spells:

 Your Spells              Type           Power        Failure   Level  Hunger
a - Orb of Destruction    Conj           ######....   3%          7    ######.
b - Mephitic Cloud        Conj/Pois/Air  ######..     1%          3    None
c - Venom Bolt            Conj/Pois      ######....   1%          5    ###....
d - Stone Arrow           Conj/Erth      ######       1%          3    None
e - Freezing Cloud        Conj/Ice/Air   ######....   1%          6    #####..
f - Sticky Flame          Conj/Fire      ######..     1%          4    None
h - Bolt of Magma         Conj/Fire/Erth ######....   1%          5    ###....


Dungeon Overview and Level Annotations

Branches:
Dungeon (15/15)            Temple (1/1) D:5            Lair (6/6) D:11
  Swamp (4/4) Lair:3        Snake (0/4) Lair:4        Slime (0/5) Lair:5
    Orc (2/2) D:12            Elf (1/3) Orc:2        Vaults (1/5) D:13
 Depths (1/5) D:15

Altars:
Ashenzari
Cheibriados
Dithmenos
Elyvilon
Fedhas
Gozag
Hepliaklqana
Kikubaaqudgha
Makhleb
Nemelex Xobeh
Okawaru
Qazlal
Ru
Sif Muna
Trog
Uskayaw
Vehumet
Xom
Yredelemnul
Zin
The Shining One

Shops:
D:8 ?   D:13 :   D:15 *   Orc:2 (%}?   Vaults:1 *

Portals:
Trove: D:14 (give 17 potions of curing)


Innate Abilities, Weirdness & Mutations

You have claws for feet.
You are completely covered in molten scales. (AC +4, rF+)
A demonic guardian rushes to your aid.
You sometimes gain a little power by taking damage.
You have a pair of small horns on your head.
You are resistant to hostile enchantments. (MR+)
Your muscles are strong. (Str +2)


Message History

The ogre mage is engulfed in freezing vapours.
The glowing orange brain is engulfed in freezing vapours.
You kill the glowing orange brain!
Vehumet accepts your kill.
Your Ice Magic skill increases to level 13!
The orc knight hits you with a war axe.
Casting: Sticky Flame
Confirm with . or Enter, or press ? or * to list all spells.
Aiming: Sticky Flame
Press: ? - help, Shift-Dir - straight line, f - vault warden
Aim: a vault warden, wielding a battleaxe of electrocution and wearing a chain mail (severely wounded)
The sticky flame hits the vault warden.
The vault warden is severely wounded.
The vault warden is covered in liquid flames!
The vault warden burns!
The vault warden hits you with a battleaxe of electrocution!!
* * * LOW HITPOINT WARNING * * *
The ghostly deep elf death mage casts a spell at you.
The bolt of negative energy hits you!
You feel drained.
You die...

....................
)...................
#######....#+####### #c#
#######....#.(..# ....
......#....#....## #....
......#..^.#)....###.....
......#....+.............
∩.....#....###...o.......
......#....# ##)@e§§§....
......#....# #x)p.§.....
......'....# #.§§§.§....
......#....# #..§§§c.§§..
#######....#...§§§§O§.§§.
#######....#..>....§§§§..
......#....#........§§§§.
......#....#........§..§.
......'....#####.....###+


You could see a vault warden (burning), an orc knight, a ghostly deep elf death
mage, a centaur warrior, an ogre mage, a yaktaur and a crawling corpse.

Vanquished Creatures
  A bone dragon (Swamp:4)
  The ghost of sqayer666 the Grappler, an adept TrBe of Trog (Depths:1)
  2 tengu reavers (Depths:1)
  3 draconian knights (Depths:1)
  A vault warden (Vaults:1)
  2 stone giants (Depths:1)
  An ettin (D:15)
  A minotaur (Lab)
  A fire dragon (Depths:1)
  A great orb of eyes (Depths:1)
  2 ogre magi
  10 hydras
  A yaktaur captain (Vaults:1)
  Harold (Lair:3)
  3 catoblepae (Lair:6)
  3 ghost crabs (Swamp:4)
  3 centaur warriors
  5 two-headed ogres
  An alligator (Swamp:3)
  7 death yaks (Lair:6)
  2 tengu warriors (D:15)
  3 dancing weapons (Elf:1)
  An orc high priest (Orc:2)
  4 deep elf knights
  A shambling mangrove (Swamp:3)
  An unseen horror (D:13)
  A death drake (Swamp:4)
  A wizard (D:15)
  2 swamp dragons
  A glowing orange brain (Vaults:1)
  4 spectral hydras (Swamp:4)
  3 deep elf archers (Vaults:1)
  A harpy (Vaults:1)
  4 orc knights
  An ironbrand convoker (Vaults:1)
  4 ugly things
  A wolf spider (Vaults:1)
  14 deep elf magi
  An oklob plant (Lair:6)
  An orc sorcerer (Orc:2)
  2 cyclopes
  2 manticores (Lair:6)
  3 elephants (Lair:5)
  4 vault sentinels (Vaults:1)
  A storm dragon simulacrum (Vaults:1)
  5 black mambas
  A torpor snail (Lair:1)
  13 spiny frogs
  3 rime drakes
  A freezing wraith (Vaults:1)
  An efreet (D:14)
  5 yaktaurs
  7 komodo dragons
  A hydra zombie (Swamp:4)
  A tengu conjurer (D:13)
  4 trolls
  A meliai (D:14)
  A queen bee (D:14)
  3 tyrant leeches
  4 polar bears
  4 hornets
  7 bog bodies
  A dream sheep (D:10)
  9 hippogriffs
  12 slime creatures
  A raiju (shapeshifter) (D:14)
  A spectral swamp dragon (Swamp:4)
  8 blink frogs
  5 alligator zombies (Swamp:4)
  A shadow (D:13)
  A wraith (D:12)
  A redback (Lab)
  3 wyverns
  21 yaks
  3 basilisks
  3 hungry ghosts
  12 vampire mosquitoes
  2 wargs
  3 acid dragons
  5 insubstantial wisps (Swamp:4)
  5 nagas (Lair:4)
  5 swamp worms
  Duvessa (D:7)
  A soldier ant (shapeshifter) (D:13)
  4 porcupines
  17 water moccasins
  25 orc warriors
  3 sky beasts
  2 swamp dragon zombies (Swamp:4)
  Purgy (D:3)
  3 ice beasts
  A necrophage (D:8)
  A swamp drake (Swamp:1)
  10 phantoms
  8 ogres
  9 crocodiles
  4 wolves
  11 centaurs
  6 big kobolds
  8 bullfrogs
  An earth elemental (Elf:1)
  A wyvern skeleton (D:13)
  7 scorpions
  Dowan (D:7)
  11 killer bees
  3 spriggan skeletons (Lab)
  2 electric eels
  A troll skeleton (Lab)
  A howler monkey (D:7)
  9 crimson imps
  A wyvern simulacrum (D:14)
  2 centaur zombies
  Crazy Yiuf (D:4)
  5 bullfrog zombies
  6 hounds
  18 orc priests
  5 jellies
  2 bullfrog skeletons
  12 centaur skeletons
  6 iguanas
  2 spectral swamp drakes (Swamp:4)
  23 orc wizards
  15 worker ants
  3 ogre skeletons (Lab)
  A mummy (D:6)
  4 gnolls (D:5)
  12 adders
  5 shadow imps
  3 oozes
  3 worms
  4 dart slugs
  11 leopard geckos
  68 orcs
  10 bats
  3 bat zombies (D:8)
  4 giant cockroaches
  13 goblins
  11 hobgoblins
  21 jackals
  23 kobolds
  2 quokkas
  3 ball pythons
  4 frilled lizards
  A jackal zombie (D:6)
  2 quokka skeletons
  13 rats
  A rat zombie (D:8)
  A fungus (Lair:3)
753 creatures vanquished.

Vanquished Creatures (collateral kills)
  Gastronok (Lair:3)
  A vampire knight (Depths:1)
  An ettin (D:15)
  An ettin (shapeshifter) (D:15)
  A rakshasa (D:13)
  2 hydras
  4 two-headed ogres
  4 death yaks
  3 alligators (Swamp:1)
  A deep troll shaman (Vaults:1)
  2 tengu warriors (D:15)
  2 orc high priests (Orc:2)
  A hell knight (Depths:1)
  An unseen horror (D:12)
  2 wizards (D:15)
  An ironbrand convoker (Vaults:1)
  A deep elf archer (Elf:1)
  5 orc knights (Orc:2)
  A harpy (Vaults:1)
  4 ugly things
  2 deep elf magi
  3 orc sorcerers
  A manticore (D:13)
  2 cyclopes
  A centaur zombie (D:13)
  3 elephants (Lair:5)
  A centaur skeleton (D:13)
  A vault sentinel (Vaults:1)
  A swamp worm zombie (Swamp:4)
  2 kobold demonologists
  3 yaktaurs
  A hydra zombie (Swamp:4)
  2 meliai (D:14)
  A hornet (D:11)
  3 blink frogs (Lair:3)
  3 hippogriffs
  A dream sheep (D:10)
  An air elemental (Elf:1)
  18 yaks
  A wyvern (D:10)
  A water elemental (D:15)
  2 basilisks (D:11)
  3 vampire mosquitoes (D:12)
  A black bear (D:11)
  5 orc warriors
  A necrophage (D:12)
  2 centaurs
  5 ogres
  3 swamp dragon zombies (Swamp:4)
  2 crocodiles
  A big kobold (D:10)
  A bullfrog (D:12)
  3 scorpions
  6 killer bees
  2 howler monkeys (D:11)
  A vampire bat (D:3)
  A crimson imp (D:15)
  A jelly (D:8)
  2 orc priests
  A spectral swamp drake (Swamp:4)
  4 orc wizards
  A worker ant (D:4)
  A hound skeleton (D:4)
  3 adders
  2 shadow imps
  An adder skeleton (D:4)
  8 orcs
  A giant cockroach (D:4)
155 creatures vanquished.

Vanquished Creatures (others)
  A centaur skeleton (D:15)
  A yaktaur (D:15)
  2 insubstantial wisps (Swamp:4)
  A phantom (Swamp:4)
  A jelly (D:15)
  An orc (D:13)
  A crawling corpse (Vaults:1)
  10 fungi
  43 plants
  8 toadstools (Swamp:1)
69 creatures vanquished.

Grand Total: 977 creatures vanquished

Notes
Turn   | Place    | Note
-------+----------+-------------------------------------------
     0 | D:1      | sqayer666 the Demonspawn Venom Mage began the quest for the Orb.
     0 | D:1      | Reached XP level 1. HP: 13/13 MP: 3/3
   147 | D:1      | Gained mutation: You have sharp toenails. [demonic ancestry]
   147 | D:1      | Reached XP level 2. HP: 4/19 MP: 0/5
   976 | D:1      | Gained mutation: You have razor-sharp toenails. [demonic ancestry]
   976 | D:1      | Reached XP level 3. HP: 24/24 MP: 1/6
  1536 | D:2      | Gained mutation: A weak demonic guardian rushes to your aid. [demonic ancestry]
  1536 | D:2      | Reached XP level 4. HP: 6/30 MP: 0/8
  1933 | D:2      | Found a faded altar of an unknown god.
  2060 | D:2      | Found a glowing golden altar of the Shining One.
  2754 | D:3      | Gained mutation: You are partially covered in molten scales. (AC +2) [demonic ancestry]
  2754 | D:3      | Reached XP level 5. HP: 27/35 MP: 4/9
  2783 | D:3      | Found an iron altar of Okawaru.
  2878 | D:3      | Learned a level 3 spell: Mephitic Cloud
  2923 | D:3      | Noticed Purgy
  2959 | D:3      | Killed Purgy
  2959 | D:3      | Reached skill level 1 in Air Magic
  3056 | D:3      | Found a glowing silver altar of Zin.
  3314 | D:3      | Gained mutation: You are mostly covered in molten scales. (AC +3) [demonic ancestry]
  3314 | D:3      | Reached XP level 6. HP: 41/41 MP: 10/10
  3465 | D:4      | Reached skill level 5 in Poison Magic
  3698 | D:4      | Reached XP level 7. HP: 46/46 MP: 2/11
  4102 | D:4      | Found a runed door.
  4106 | D:4      | Noticed Crazy Yiuf
  4125 | D:4      | Killed Crazy Yiuf
  4377 | D:5      | Entered Level 5 of the Dungeon
  4621 | D:5      | Learned a level 5 spell: Venom Bolt
  4650 | D:5      | Gained mutation: A demonic guardian rushes to your aid. [demonic ancestry]
  4650 | D:5      | Reached XP level 8. HP: 38/52 MP: 2/12
  4839 | D:5      | Reached skill level 1 in Staves
  4981 | D:5      | Reached skill level 5 in Conjurations
  5574 | D:5      | Found a staircase to the Ecumenical Temple.
  5594 | Temple   | Entered the Ecumenical Temple
  5625 | Temple   | Became a worshipper of Vehumet
  6043 | D:6      | Found a basalt altar of Yredelemnul.
  6043 | D:6      | Found a sparkling altar of Nemelex Xobeh.
  6234 | D:6      | Found a snail-covered altar of Cheibriados.
  6571 | D:7      | Reached XP level 9. HP: 41/57 MP: 5/13
  6837 | D:7      | Gained mutation: You tend to lose your temper in combat. [potion of mutation]
  6837 | D:7      | Gained mutation: You are agile. (Dex +2) [potion of mutation]
  6837 | D:7      | Gained mutation: You have sharp fingernails. [potion of mutation]
  6838 | D:7      | Lost mutation: You are agile. (Dex +2) [potion of mutation]
  6838 | D:7      | Lost mutation: You have sharp fingernails. [potion of mutation]
  6838 | D:7      | Lost mutation: You tend to lose your temper in combat. [potion of mutation]
  6838 | D:7      | Gained mutation: You are somewhat resistant to further mutation. [potion of mutation]
  6838 | D:7      | Gained mutation: Your flesh is heat resistant. (rF+) [potion of mutation]
  6838 | D:7      | Gained mutation: Your muscles are strong. (Str +2) [potion of mutation]
  6839 | D:7      | Lost mutation: You are somewhat resistant to further mutation. [potion of mutation]
  6839 | D:7      | Lost mutation: Your flesh is heat resistant. (rF+) [potion of mutation]
  6839 | D:7      | Gained mutation: You are resistant to hostile enchantments. (MR+) [potion of mutation]
  6839 | D:7      | Gained mutation: You have a pair of small horns on your head. [potion of mutation]
  6875 | D:7      | Noticed Duvessa
  6876 | D:7      | Reached * piety under Vehumet
  6876 | D:7      | Offered knowledge of Magic Dart by Vehumet.
  6895 | D:7      | Noticed Dowan
  6904 | D:7      | Killed Dowan
  6931 | D:7      | Killed Duvessa
  7083 | D:7      | Found a hazy altar of Hepliaklqana.
  7141 | D:7      | Found a radiant altar of Vehumet.
  7227 | D:7      | Got a twisted mace {drain}
  7258 | D:7      | Identified the +0 mace of Resourcefulness {drain, Str+4 Int+6} (You took it off an orc on level 7 of the Dungeon)
  7366 | D:7      | Found a sacrificial altar of Ru.
  7591 | D:8      | Noticed a two-headed ogre
  7597 | D:8      | Killed a two-headed ogre
  7597 | D:8      | Reached skill level 1 in Maces & Flails
  7627 | D:8      | Found a bloodstained altar of Trog.
  7858 | D:8      | Found Zomacahergh's Magic Scroll Shop.
  7876 | D:8      | Bought a scroll of teleportation for 39 gold pieces
  7876 | D:8      | Bought a scroll of blinking for 97 gold pieces
  7876 | D:8      | Bought a scroll of enchant armour for 97 gold pieces
  7887 | D:8      | Found a glowing silver altar of Zin.
  8118 | D:8      | Offered knowledge of Flame Tongue by Vehumet.
  8127 | D:8      | Found an ancient bone altar of Kikubaaqudgha.
  8224 | D:8      | Reached ** piety under Vehumet
  8373 | D:8      | Noticed a two-headed ogre
  8382 | D:8      | Killed a two-headed ogre
  8552 | D:8      | Gained mutation: You have claws for feet. [demonic ancestry]
  8552 | D:8      | Reached XP level 10. HP: 59/61 MP: 16/16
  9105 | D:9      | Reached skill level 5 in Spellcasting
  9214 | D:9      | Reached skill level 5 in Maces & Flails
  9404 | D:10     | Entered Level 10 of the Dungeon
  9565 | D:10     | Offered knowledge of Stone Arrow by Vehumet.
  9574 | D:10     | Learned a level 3 spell: Stone Arrow
  9585 | D:10     | Noticed a two-headed hydra
  9609 | D:10     | Killed a two-headed hydra
 10301 | D:11     | Noticed a cyclops
 10306 | D:11     | Reached *** piety under Vehumet
 10317 | D:11     | Killed a cyclops
 10649 | D:11     | Reached XP level 11. HP: 68/68 MP: 14/22
 10649 | D:11     | Offered knowledge of Static Discharge by Vehumet.
 10776 | D:11     | Found a staircase to the Lair.
 10821 | D:11     | Found a shimmering altar of Xom.
 10822 | D:11     | Found a shimmering altar of Xom.
 10831 | D:11     | Found a shimmering altar of Xom.
 10831 | D:11     | Found a shimmering altar of Xom.
 11033 | D:11     | Reached **** piety under Vehumet
 11037 | D:11     | Found a shimmering altar of Xom.
 11194 | D:12     | Noticed a two-headed ogre
 11300 | D:12     | Found a labyrinth entrance.
 11304 | D:12     | Offered knowledge of Fireball by Vehumet.
 11353 | D:12     | Learned a level 5 spell: Fireball
 11362 | Lab      | Entered a labyrinth
 11464 | Lab      | Reached skill level 1 in Fire Magic
 11478 | Lab      | Reached skill level 1 in Earth Magic
 11792 | Lab      | Noticed a minotaur
 11804 | Lab      | Killed a minotaur
 12071 | D:12     | Killed an unseen horror
 12190 | D:12     | Learned a level 4 spell: Sticky Flame
 12194 | D:12     | Learned a level 3 spell: Inner Flame
 12399 | D:12     | Reached ***** piety under Vehumet
 12457 | D:12     | Offered knowledge of Fulminant Prism by Vehumet.
 12482 | D:12     | Noticed a green ugly thing
 12494 | D:12     | Killed a green ugly thing
 12501 | D:12     | Found a staircase to the Orcish Mines.
 12817 | D:12     | Killed a two-headed ogre
 12830 | D:12     | Got a transparent leather armour
 12846 | D:12     | Identified the +1 leather armour "Teroheym" {rElec rC- MR++ rCorr} (You took it off an orc on level 12 of the Dungeon)
 13080 | D:12     | Noticed a deep elf mage
 13086 | D:12     | Killed a deep elf mage
 13311 | D:13     | Reached skill level 5 in Earth Magic
 13315 | D:13     | Reached skill level 5 in Fire Magic
 13321 | D:13     | Noticed a red ugly thing
 13338 | D:13     | Killed a red ugly thing
 13473 | D:13     | Noticed a deep elf mage
 13474 | D:13     | Noticed a deep elf mage
 13476 | D:13     | Noticed a deep elf knight
 13752 | D:13     | Noticed a deep elf mage
 13755 | D:13     | Killed a deep elf mage
 13755 | D:13     | Gained mutation: You sometimes gain a little power by taking damage. [demonic ancestry]
 13755 | D:13     | Reached XP level 12. HP: 74/74 MP: 7/24
 14175 | D:13     | Found a gate to the Vaults.
 14593 | D:13     | Noticed a rakshasa
 14618 | D:13     | Found Diatyr's Book Shop.
 14627 | D:13     | Killed a rakshasa
 15138 | D:14     | Found a portal to a secret trove of treasure.
 15332 | D:14     | Reached skill level 1 in Armour
 15994 | D:15     | Entered Level 15 of the Dungeon
 16000 | D:15     | Noticed a tengu warrior
 16001 | D:15     | Noticed an eight-headed hydra
 16209 | D:15     | Noticed a two-headed ogre
 16299 | D:15     | Killed a two-headed ogre
 16648 | D:15     | Offered knowledge of Bolt of Magma by Vehumet.
 16684 | D:15     | Noticed a four-headed hydra
 16692 | D:15     | Killed a four-headed hydra
 16692 | D:15     | Reached XP level 13. HP: 79/79 MP: 21/25
 17267 | D:15     | Found Soomur's Demolitions Depot.
 17279 | D:15     | Found a staircase to the Depths.
 17470 | D:15     | Noticed an ettin
 17470 | D:15     | a catoblepas changed into an ettin
 17477 | D:15     | Killed an ettin
 17477 | D:15     | Reached skill level 5 in Dodging
 17497 | D:15     | Noticed an ettin
 17502 | D:15     | Killed an ettin
 17699 | D:15     | Reached skill level 5 in Armour
 18123 | Depths:1 | Entered Level 1 of the Depths
 18123 | Depths:1 | Noticed a fire dragon
 18123 | Depths:1 | Noticed sqayer666's ghost (adept TrBe)
 18275 | Orc:1    | Entered Level 1 of the Orcish Mines
 18363 | Orc:1    | Found a deep blue altar of Sif Muna.
 18381 | Orc:1    | Identified Sif Muna's Volume of Weightlessness and Battle Magic
 18391 | Orc:1    | Learned a level 5 spell: Bolt of Magma
 18456 | Orc:2    | Entered Level 2 of the Orcish Mines
 18710 | Orc:2    | Found a staircase to the Elven Halls.
 19286 | Orc:2    | Offered knowledge of Orb of Destruction by Vehumet.
 19530 | Orc:2    | Reached skill level 1 in Fighting
 19694 | Orc:2    | Found Ewefavocw's Magic Scroll Boutique.
 19694 | Orc:2    | Found Gikkez's Antique Weapon Shoppe.
 19696 | Orc:2    | Found Xuproukk's Gadget Boutique.
 19696 | Orc:2    | Found Xygej's Food Shoppe.
 20089 | Elf:1    | Entered Level 1 of the Elven Halls
 20215 | D:13     | Bought a book of Clouds for 720 gold pieces
 20443 | Lair:1   | Entered Level 1 of the Lair of Beasts
 21260 | Lair:1   | Reached XP level 14. HP: 93/93 MP: 14/27
 21402 | Lair:1   | Learned a level 7 spell: Orb of Destruction
 22074 | Lair:2   | Reached skill level 10 in Conjurations
 22773 | Lair:3   | Noticed Gastronok
 22822 | Lair:3   | Killed Gastronok
 23072 | Lair:3   | Found a staircase to the Swamp.
 23299 | Lair:3   | Noticed Harold
 23308 | Lair:3   | Killed Harold
 23729 | Lair:3   | Offered knowledge of Bolt of Fire by Vehumet.
 23817 | Lair:4   | Found a staircase to the Snake Pit.
 25193 | Lair:5   | Found a staircase to the Slime Pits.
 25562 | Lair:6   | Entered Level 6 of the Lair of Beasts
 26009 | Lair:6   | Offered knowledge of Conjure Ball Lightning by Vehumet.
 26129 | Lair:6   | Reached skill level 10 in Spellcasting
 26351 | Lair:6   | Got an ancient iron ring
 26354 | Lair:6   | Identified the ring of Cyjat {Wiz -Tele rF+ MP+9} (You found it on level 6 of the Lair of Beasts)
 26779 | Lair:6   | Gained mutation: You are completely covered in molten scales. (AC +4, rF+) [demonic ancestry]
 26779 | Lair:6   | Reached XP level 15. HP: 76/98 MP: 30/30
 26926 | Lair:6   | Identified the Guide on Feathery Fire
 27239 | Lair:2   | Learned a level 6 spell: Freezing Cloud
 27470 | Depths:1 | Reached skill level 1 in Ice Magic
 27796 | Depths:1 | Killed sqayer666's ghost
 28540 | Depths:1 | Noticed a tengu reaver
 28544 | Depths:1 | Noticed a tengu reaver
 28544 | Depths:1 | Noticed a purple draconian knight
 28556 | Depths:1 | Killed a tengu reaver
 28556 | Depths:1 | Reached skill level 5 in Ice Magic
 28570 | Depths:1 | Killed a tengu reaver
 28575 | Depths:1 | Killed a purple draconian knight
 28730 | Depths:1 | Noticed a purple draconian knight
 28750 | Depths:1 | Killed a purple draconian knight
 28872 | Depths:1 | Noticed a black draconian knight
 28888 | Depths:1 | Killed a black draconian knight
 29405 | Swamp:1  | Entered Level 1 of the Swamp
 29963 | Swamp:4  | Entered Level 4 of the Swamp
 30899 | Swamp:4  | Offered knowledge of Bolt of Cold by Vehumet.
 31167 | Swamp:4  | Noticed a bone dragon
 31169 | Swamp:4  | Reached skill level 10 in Ice Magic
 31186 | Swamp:4  | Killed a bone dragon
 31348 | Swamp:4  | Got a decaying rune of Zot
 31456 | Swamp:4  | Reached XP level 16. HP: 94/103 MP: 27/31
 32800 | Vaults:1 | Entered Level 1 of the Vaults
 32951 | Vaults:1 | Offered knowledge of Ozocubu's Refrigeration by Vehumet.
 33050 | Vaults:1 | Found Iqeok's Assorted Antiques.
 33060 | Vaults:1 | Bought a crude flail for 272 gold pieces
 33060 | Vaults:1 | Bought a scroll of blinking for 240 gold pieces
 33060 | Vaults:1 | Identified the +10 flail of the Coward {freeze, rN+} (You bought it in a shop on level 1 of the Vaults)
 33134 | Vaults:1 | Got a warped whip
 33135 | Vaults:1 | Identified the cursed +1 whip of Superiority {drain, rPois} (You found it on level 1 of the Vaults)
 33523 | Vaults:1 | Killed from afar by a ghostly deep elf death mage

Skill      XL: |  1  2  3  4  5  6  7  8  9 10 11 12 13 14 15 16 |
---------------+-------------------------------------------------+-----
Conjurations   | 2 4 6 7 9 13 | 13.1
Spellcasting   | 3 4 7 8 9 11 | 11.4
Poison Magic   | 4 5 6 7 8 |  8.4
Air Magic      | 1 3 4 |  4.7
Staves         | 3 4 |  4.0
Maces & Flails | 4 7 |  7.9
Fire Magic     | 5 7 |  7.8
Earth Magic    | 5 8 |  8.0
Dodging        | 3 5 |  5.9
Armour         | 3 5 |  5.6
Fighting       | 3 |  3.0
Ice Magic      | 10 13 | 13.0
Stealth        | |  1.7

Action                   |  1- 3 |  4- 6 |  7- 9 | 10-12 | 13-15 | 16-18 || total
-------------------------+-------+-------+-------+-------+-------+-------++-------
Melee: Hand axe          |    37 |    93 |    10 |       |       |       ||   140
       Club              |     6 |       |       |       |       |       ||     6
       Unarmed           |     5 |       |       |       |       |       ||     5
       Kick              |     4 |     1 |       |   114 |   155 |    41 ||   315
       Quarterstaff      |       |       |   145 |       |       |       ||   145
       Mace              |       |       |   104 |   397 |   509 |   134 ||  1144
       Headbutt          |       |       |    18 |    66 |    97 |    26 ||   207
 Cast: Sting             |    73 |    74 |   205 |   118 |    17 |       ||   487
       Mephitic Cloud    |       |     6 |    28 |    80 |    76 |    10 ||   200
       Stone Arrow       |       |       |       |    91 |   129 |     9 ||   229
       Sticky Flame      |       |       |       |    35 |   127 |    22 ||   184
       Venom Bolt        |       |       |       |    23 |    81 |    12 ||   116
       Fireball          |       |       |       |     3 |     4 |       ||     7
       Inner Flame       |       |       |       |       |     6 |       ||     6
       Bolt of Magma     |       |       |       |       |    17 |     3 ||    20
       Orb of Destructio |       |       |       |       |    95 |    21 ||   116
       Freezing Cloud    |       |       |       |       |     6 |    14 ||    20
Evoke: Wand              |       |       |       |     2 |     2 |       ||     4
  Use: Scroll            |       |     3 |     4 |    19 |    15 |     2 ||    43
       Potion            |       |       |     3 |     5 |    15 |     4 ||    27
 Stab: Confused          |       |     1 |     6 |     5 |     6 |       ||    18
       Petrified         |       |       |     3 |       |     3 |       ||     6
       Paralysed         |       |       |     3 |       |       |       ||     3
       Sleeping          |       |       |       |     1 |     1 |       ||     2
       Distracted        |       |       |       |     1 |       |     1 ||     2
       Petrifying        |       |       |       |       |     1 |       ||     1
  Eat: Chunk             |     3 |     7 |    16 |    25 |    47 |    11 ||   109
       Fruit             |       |       |     3 |     6 |    22 |     4 ||    35
       Royal jelly       |       |       |       |     5 |     3 |       ||     8
       Meat ration       |       |       |       |     2 |     3 |       ||     5
       Bread ration      |       |       |       |       |     3 |     1 ||     4
Armor: Robe              |    10 |    12 |       |       |       |       ||    22
       Troll leather arm |       |    25 |   133 |   153 |   285 |    78 ||   674
Dodge: Dodged            |    45 |    83 |   187 |   243 |   442 |   111 ||  1111
